 Dungeon Crawl Stone Soup version 0.26-a0-639-g72c4674329 (webtiles) character file.

Game seed: 3463850271863189945

50277 DogServant the Geomancer (level 14, -8/87 HPs)
             Began as a Gargoyle Earth Elementalist on Sept 18, 2020.
             Was a High Priest of Sif Muna.
             Killed by their own Lee's Rapid Deconstruction (19 damage)
             ... on level 3 of the Lair of Beasts.
             The game lasted 01:16:31 (26382 turns).

DogServant the Geomancer (GrEE)                    Turns: 26382, Time: 01:16:32

Health: -8/87      AC: 16    Str: 12    XL:     14   Next: 54%
Magic:  28/44      EV: 13    Int: 21    God:    Sif Muna [*****.]
Gold:   877        SH:  0    Dex: 13    Spells: 5/30 levels left

rFire    . . .     SeeInvis .   j - +1 dagger (venom)
rCold    . . .     Faith    .   (no shield)
rNeg     + . .     Spirit   .   c - +1 robe
rPois    ∞         Reflect  .   F - +1 hat
rElec    +         Harm     .   (no cloak)
rCorr    .         Rampage  .   m - +1 pair of gloves {Dex+3}
MR       +....                  (no boots)
Stlth    ++........             (no amulet)
HPRegen  0.24/turn              u - ring of magical power
MPRegen  0.29/turn              s - ring of magical power

@: no status effects
A: big wings, negative energy resistance 1, electricity resistance, unbreathing,
petrification resistance, rot immunity, AC +10
a: Fly, Channel Magic, Forget Spell, Divine Exegesis, Renounce Religion


You were on level 3 of the Lair of Beasts.
You worshipped Sif Muna.
Sif Muna was extremely pleased with you.
You visited 3 branches of the dungeon, and saw 18 of its levels.
You also visited: Ice Cave.

You collected 1077 gold pieces.
You spent 200 gold pieces at shops.

Inventory:

Hand Weapons
 j - a +1 dagger of venom (weapon)
Missiles
 b - 149 stones (quivered)
Armour
 c - a +1 robe (worn)
 m - a +1 pair of gloves of dexterity (worn)
 F - a +1 hat (worn)
Magical Staves
 l - an uncursed staff of fire
Jewellery
 i - an uncursed ring of stealth
 s - a ring of magical power (right hand)
 u - a ring of magical power (left hand)
 w - an uncursed ring of positive energy
 M - a +6 ring of strength {unknown}
 N - an uncursed amulet of regeneration {unknown}
Wands
 d - a wand of disintegration (6)
 f - a wand of digging (12)
 p - a wand of polymorph (13)
 t - a wand of iceblast (18)
 y - a wand of flame (14)
 D - a wand of random effects (18)
 G - a wand of acid (8)
Scrolls
 e - 4 scrolls of enchant armour
 g - a scroll of enchant weapon
 o - 5 scrolls of remove curse
 r - 4 scrolls of amnesia
 x - 2 scrolls of magic mapping
 H - 3 scrolls of teleportation
 I - 3 scrolls of blinking {unknown}
 J - 4 scrolls of identify
Potions
 a - 3 potions of mutation
 h - 2 potions of flight
 k - 3 potions of resistance
 n - 3 potions of lignification
 q - 3 potions of curing
 v - 2 potions of ambrosia
 z - 2 potions of magic
 A - 2 potions of brilliance
 B - a potion of stabbing
 C - 2 potions of berserk rage
 E - a potion of heal wounds
 K - 2 potions of cancellation {unknown}
 L - 2 potions of might {unknown}


   Skills:
 + Level 9.9 Fighting
 - Level 2.6 Dodging
 - Level 3.3 Stealth
 + Level 8.5 Spellcasting
 + Level 12.1 Conjurations
 + Level 3.8 Hexes
 - Level 2.8 Translocations
 + Level 8.5 Transmutations
 + Level 2.6 Air Magic
 - Level 13.5 Earth Magic
 + Level 9.2 Invocations


You had 5 spell levels left.
You knew the following spells:

 Your Spells              Type           Power        Failure   Level
a - Sandblast             Erth           ######       1%          1
b - Stone Arrow           Conj/Erth      ######       1%          3
c - Petrify               Tmut/Erth      ######..     1%          4
d - Blink                 Tloc           N/A          3%          2
e - Lee's Rapid Deconstr  Erth           ######....   1%          5
f - Slow                  Hex            ###.....     2%          2
g - Summon Guardian Gole  Hex/Summ       ###.....     11%         3
h - Lightning Bolt        Conj/Air       #####.....   10%         5

Your spell library contained the following spells:

 Spells                   Type           Power        Failure   Level
 Magic Dart               Conj           ####         1%          1
 Shock                    Conj/Air       ####         1%          1
 Sting                    Tmut/Pois      ####         1%          1
 Passwall                 Tmut/Erth      ######..     1%          2
 Wereblood                Tmut           #####...     1%          2
 Conjure Flame            Conj/Fire      ####....     1%          3
 Static Discharge         Conj/Air       #####...     1%          3
 Mephitic Cloud           Conj/Pois/Air  ####....     3%          3
 Spider Form              Tmut/Pois      ####......   4%          3
 Summon Small Mammal      Summ           #...         8%          1
 Call Imp                 Summ           #.......     12%         2
 Ice Form                 Ice/Tmut       ####....     13%         4
 Call Canine Familiar     Summ           #.......     22%         3
 Summon Lightning Spire   Summ/Air       ##......     41%         4
 Summon Ice Beast         Ice/Summ       #.......     58%         4
 Orb of Destruction       Conj           ######....   41%         7
 Fire Storm               Conj/Fire      ####......   100%        9


Dungeon Overview and Level Annotations

Branches:
Dungeon (14/15)            Temple (1/1) D:5            Lair (3/6) D:8
  Swamp (0/4) Lair:3       Spider (0/4) Lair:2          Orc (0/2) D:9
  IceCv (visited)
 Vaults: D:13-14

Altars:
Cheibriados
Dithmenos
Elyvilon
Fedhas
Gozag
Hepliaklqana
Kikubaaqudgha
Makhleb
Nemelex Xobeh
Okawaru
Qazlal
Ru
Sif Muna
Trog
Uskayaw
Vehumet
Xom
Yredelemnul

Shops:
D:4 *   D:7 !   D:9 ((   D:10 *   D:14 *

Annotations:
D:4 Grinder
D:6 1 runed translucent door, Crazy Yiuf
D:12 3 runed translucent doors, fly's ghost, journeyman TrDe


Innate Abilities, Weirdness & Mutations

You are resistant to torment.
Your stone body is resilient. (AC +10)
You are immune to poison.
Your large and strong wings let you fly indefinitely.
You resist negative energy. (rN+)
You are resistant to electric shocks. (rElec)
You can survive without breathing.
You are immune to petrification.
You are immune to rotting.


Message History

The seven-headed hydra bites you!
* * * LOW HITPOINT WARNING * * *
Unknown command.
Okay, then.
Okay, then.
Okay, then.
Casting: Stone Arrow (safe; 1% risk of failure)
Confirm with . or Enter, or press ? or * to list all spells.
Aiming: Lee's Rapid Deconstruction (dangerous; 1% risk of failure)
Press: ? - help, Dir - move target cursor, f - you, p - four-headed hydra That beam is likely to hit you.
Continue anyway?
Okay, then.
Okay, then.
Casting: Lee's Rapid Deconstruction (dangerous; 1% risk of failure)
Confirm with . or Enter, or press ? or * to list all spells.
Aiming: Lee's Rapid Deconstruction (dangerous; 1% risk of failure)
Press: ? - help, Dir - move target cursor, f - you That beam is likely to hit you.
Continue anyway?
You shatter!!
You die...

....P.♣♣...≈≈≈≈≈≈♣......+...# #.#
#......♣♣≈≈≈≈≈≈≈≈♣....#.....###..
##.##...♣♣≈≈≈≈≈≈≈♣♣.#####....##..
##.....♣♣...≈≈≈≈♣♣#.# #.....##.##
##.#...#♣♣...♣♣♣♣#♣.###.#...#####
##....♣♣*♣♣...§§♣♣...........####
##....♣>≈≈♣♣♣♣§§♣♣♣..............
##....♣*≈≈≈**♣.§♣♣...............
##....♣♣*,,,*♣♣D@♣♣.....≈........
#......♣,§§≈≈≈≈tD♣....≈≈≈≈≈.....#
#.....♣♣,§§≈≈≈≈≈≈♣#...≈≈≈≈≈≈..#..
#...#♣♣**..≈§§§≈♣♣#...≈≈≈≈≈≈.#...
...#.#♣*,..♣♣§§.♣♣#..<.≈≈≈≈≈..#..
....#.♣♣,.,,.§§♣♣.#...≈≈≈≈≈≈.....
.......♣♣♣,.§♣♣♣......≈≈≈≈≈≈.....
...#.....♣♣♣♣♣...##..≈≈≈≈≈≈......
...###.P###......##..≈≈≈≈≈..P##.#


You could see a seven-headed hydra, a four-headed hydra and a crocodile.

Vanquished Creatures
  2 entropy weavers (D:13)
  A white draconian (IceCv)
  Erica (D:9)
  3 centaur warriors
  4 hydras
  3 death yaks (D:8)
  4 two-headed ogres
  Sonja (Lair:1)
  Nergalle (D:11)
  An unseen horror (D:14)
  5 oklob plants (Lair:1)
  A manticore (D:13)
  An ugly thing (D:11)
  3 cyclopes
  2 black mambas
  3 centaur zombies (D:12)
  A gargoyle (D:14)
  3 ice statues (IceCv)
  9 cane toads
  An efreet (D:14)
  4 rime drakes
  3 komodo dragons
  2 hornets
  4 trolls
  14 polar bears (IceCv)
  A slime creature (D:14)
  Prince Ribbit (D:9)
  9 hippogriffs
  7 blink frogs
  Sigmund (D:4)
  17 yaks
  2 basilisks
  A wraith (D:12)
  Grum (D:11)
  Eustachio (D:4)
  2 wyverns
  A steam dragon (Lair:2)
  17 soldier ants
  14 water moccasins
  4 porcupines
  2 orc warriors
  3 ice beasts
  5 sky beasts
  A phantom (D:5)
  3 black bears
  2 ogres (D:7)
  An eye of draining (D:10)
  A necrophage (D:11)
  14 wolves
  8 crocodiles
  19 centaurs
  3 big kobolds
  14 bullfrogs
  A wyvern zombie (D:12)
  5 scorpions
  A hornet simulacrum (D:14)
  17 killer bees
  17 wights
  An electric eel (Lair:3)
  2 howler monkeys
  A quasit (D:8)
  A bullfrog zombie (D:6)
  6 hounds
  3 centaur skeletons
  4 orc priests
  4 jellies
  4 bullfrog skeletons
  5 orc wizards
  6 iguanas
  2 hell rats (D:8)
  14 worker ants
  2 hound skeletons
  3 worker ant zombies
  2 river rats (D:8)
  13 adders
  A shadow imp (D:10)
  3 white imps
  3 ufetubi
  An adder zombie (D:9)
  2 adder skeletons
  2 worms (D:2)
  A dart slug (D:2)
  8 leopard geckos
  32 orcs
  4 giant cockroaches
  9 hobgoblins
  7 jackals
  4 quokkas
  5 bats
  5 frilled lizards
  6 goblins
  22 kobolds
  A leopard gecko skeleton (D:7)
  A quokka skeleton (D:6)
  7 rats
  A butterfly (Lair:2)
471 creatures vanquished.

Vanquished Creatures (others)
  5 dream sheep (Lair:2)
  6 fungi
  23 plants
  4 toadstools (D:1)
38 creatures vanquished.

Grand Total: 509 creatures vanquished

Notes
Turn   | Place    | Note
-------+----------+-------------------------------------------
     0 | D:1      | DogServant the Gargoyle Earth Elementalist began the quest
                  | for the Orb.
     0 | D:1      | Reached XP level 1. HP: 10/10 MP: 3/3
    61 | D:1      | Reached skill level 4 in Earth Magic
   213 | D:1      | Reached XP level 2. HP: 15/15 MP: 1/5
   734 | D:2      | Reached XP level 3. HP: 19/19 MP: 3/6
  1178 | D:2      | Reached XP level 4. HP: 20/24 MP: 5/8
  1180 | D:2      | Reached skill level 5 in Earth Magic
  1930 | D:3      | Found a shadowy altar of Dithmenos.
  2075 | D:3      | Reached skill level 1 in Fighting
  2075 | D:3      | Reached XP level 5. HP: 29/29 MP: 6/10
  2225 | D:3      | Found a blossoming altar of Fedhas.
  2560 | D:4      | Learned a level 3 spell: Stone Arrow
  2644 | D:4      | Found Qaxzud's Elemental Accessories.
  2645 | D:4      | Noticed Eustachio
  2645 | D:4      | Noticed Sigmund
  2648 | D:4      | Killed Sigmund
  2648 | D:4      | Reached skill level 1 in Conjurations
  2648 | D:4      | Reached skill level 6 in Earth Magic
  2648 | D:4      | Reached XP level 6. HP: 36/36 MP: 11/11
  2686 | D:4      | Killed Eustachio
  2686 | D:4      | Reached XP level 7. HP: 40/40 MP: 6/13
  2909 | D:4      | Noticed Grinder
  3154 | D:5      | Entered Level 5 of the Dungeon
  3714 | D:5      | Found a staircase to the Ecumenical Temple.
  3726 | Temple   | Entered the Ecumenical Temple
  3834 | Temple   | Became a worshipper of Sif Muna the Loreminder
  3956 | D:5      | Reached skill level 7 in Earth Magic
  4018 | D:5      | Reached XP level 8. HP: 48/48 MP: 15/15
  4565 | D:5      | Learned a level 4 spell: Petrify
  4600 | D:6      | Reached skill level 5 in Spellcasting
  4649 | D:6      | Reached skill level 1 in Invocations
  4976 | D:6      | Found a runed translucent door.
  4977 | D:6      | Noticed Crazy Yiuf
  5559 | D:6      | Reached skill level 5 in Fighting
  6037 | D:7      | Found a hide-covered altar of Uskayaw.
  6038 | D:7      | Found an ancient bone altar of Kikubaaqudgha.
  6043 | D:7      | Noticed a hippogriff
  6060 | D:7      | Killed a hippogriff
  6060 | D:7      | Reached skill level 5 in Conjurations
  6060 | D:7      | Reached skill level 8 in Earth Magic
  6060 | D:7      | Reached XP level 9. HP: 40/54 MP: 6/17
  6308 | D:7      | Found a hazy altar of Hepliaklqana.
  6507 | D:7      | Found Qeintiv's Distillery.
  6513 | D:7      | Reached * piety under Sif Muna
  6831 | D:7      | Bought a potion of heal wounds for 55 gold pieces
  6831 | D:7      | Bought a potion of heal wounds for 55 gold pieces
  7271 | D:8      | Found a staircase to the Lair.
  7271 | D:8      | Noticed a death yak
  7271 | D:8      | Noticed a death yak
  7328 | D:9      | Learned a level 2 spell: Blink
  7388 | D:9      | Reached skill level 1 in Transmutations
  7462 | D:9      | Noticed a troll
  7476 | D:9      | Killed a troll
  7733 | D:9      | Reached skill level 9 in Earth Magic
  7892 | D:9      | Reached ** piety under Sif Muna
  8014 | D:9      | Reached skill level 5 in Invocations
  8014 | D:9      | Reached XP level 10. HP: 58/60 MP: 15/19
  8021 | D:9      | Learned a level 5 spell: Lee's Rapid Deconstruction
  8100 | D:9      | Found Usmeut's Weapon Emporium.
  8106 | D:9      | Found a staircase to the Orcish Mines.
  8106 | D:9      | You fall into a shaft and drop 3 floors!
  8327 | D:12     | Reached skill level 10 in Earth Magic
  8524 | D:11     | Reached *** piety under Sif Muna
  8588 | D:11     | Noticed a two-headed ogre
  8588 | D:11     | Noticed a cyan ugly thing
  8630 | D:11     | Noticed Grum
  8637 | D:11     | Killed Grum
  8637 | D:11     | Reached XP level 11. HP: 55/64 MP: 15/20
  8677 | D:11     | Noticed Nergalle
  8872 | D:12     | Found a runed translucent gate.
  8872 | D:12     | Identified the +5 whip of a treasure trove {venom, MR++
                  | Int+4}
  8872 | D:12     | Identified the +7 short sword "Cenauxiyjo" {drain, Dex+2}
  8873 | D:12     | Found a runed translucent gate.
  8873 | D:12     | Found a runed translucent gate.
  8874 | D:12     | Noticed fly's ghost (journeyman TrDe)
  8888 | D:12     | Noticed a five-headed hydra
  8895 | D:12     | Killed a five-headed hydra
  9456 | D:12     | Noticed a cyclops
  9468 | D:12     | Killed a cyclops
  9468 | D:12     | Reached skill level 1 in Translocations
 10171 | D:13     | Reached skill level 11 in Earth Magic
 10173 | D:13     | Noticed a centaur warrior
 10185 | D:13     | Killed a centaur warrior
 10185 | D:13     | Reached skill level 5 in Transmutations
 10565 | D:13     | Noticed a cyclops
 10570 | D:13     | Killed a cyclops
 10772 | D:13     | Noticed a centaur warrior
 10872 | D:13     | Killed a centaur warrior
 11192 | D:13     | Noticed a cyclops
 11206 | D:13     | Learned a level 2 spell: Slow
 11222 | D:13     | Killed a cyclops
 11556 | D:13     | Noticed a two-headed ogre
 11568 | D:13     | Noticed a manticore
 11569 | D:13     | Killed a two-headed ogre
 11576 | D:13     | Killed a manticore
 11576 | D:13     | Reached XP level 12. HP: 61/71 MP: 11/23
 12111 | D:13     | Noticed a queen ant
 12279 | D:13     | Reached **** piety under Sif Muna
 12530 | D:13     | Noticed an entropy weaver
 12540 | D:13     | Noticed an entropy weaver
 12561 | D:13     | Killed an entropy weaver
 12561 | D:13     | Reached skill level 12 in Earth Magic
 12686 | D:13     | Killed an entropy weaver
 12686 | D:13     | Reached skill level 10 in Conjurations
 13506 | D:14     | Found Tyran's Changing Room.
 13527 | D:14     | Bought a potion of lignification for 45 gold pieces
 13527 | D:14     | Bought a potion of lignification for 45 gold pieces
 13750 | D:14     | Noticed a centaur warrior
 13754 | D:14     | Killed a centaur warrior
 13761 | D:14     | Found a shimmering blue altar of Sif Muna.
 14017 | D:11     | Killed a two-headed ogre
 14612 | D:11     | Killed Nergalle
 14612 | D:11     | Reached XP level 13. HP: 78/79 MP: 18/24
 15127 | D:10     | Entered Level 10 of the Dungeon
 15383 | D:10     | Found Tittan's General Store.
 15625 | D:10     | Reached skill level 13 in Earth Magic
 16117 | D:9      | Noticed Prince Ribbit
 16123 | D:9      | Killed Prince Ribbit
 16348 | D:9      | Found Iwuock's Weapon Shoppe.
 16477 | D:9      | Noticed Erica
 16482 | D:9      | Killed Erica
 16876 | D:8      | Reached ***** piety under Sif Muna
 17812 | D:8      | Learned a level 3 spell: Summon Guardian Golem
 17817 | Lair:1   | Entered Level 1 of the Lair of Beasts
 17817 | Lair:1   | Noticed Sonja
 18032 | Lair:1   | Killed Sonja
 18041 | Lair:1   | Identified Sif Muna's Disquisition on Attacks (Sif Muna
                  | gifted it to you on level 1 of the Lair of Beasts)
 18041 | Lair:1   | Received a gift from Sif Muna
 18051 | Lair:1   | Learned a level 5 spell: Lightning Bolt
 18064 | Lair:1   | Reached skill level 1 in Hexes
 19886 | Lair:1   | Learned a level 5 spell: Lightning Bolt
 21281 | Lair:2   | Gained mutation: Your large and strong wings let you fly
                  | indefinitely. [Gargoyle growth]
 21281 | Lair:2   | Reached XP level 14. HP: 82/86 MP: 25/25
 21372 | Lair:2   | Found a hole to the Spider Nest.
 21458 | Lair:2   | Reached skill level 1 in Air Magic
 21778 | Lair:2   | Found a shimmering altar of Xom.
 22923 | Lair:3   | Found a frozen archway.
 22943 | IceCv    | Entered an ice cave
 24186 | IceCv    | Noticed a white draconian
 24225 | IceCv    | Killed a white draconian
 25342 | Lair:3   | HP: 1/87 [blink frog (7)]
 25907 | Lair:3   | Identified Sif Muna's Collected Works on Feathery Changing
                  | (Sif Muna gifted it to you on level 3 of the Lair of
                  | Beasts)
 25907 | Lair:3   | Received a gift from Sif Muna
 26382 | Lair:3   | Killed from afar by themself

Illustrated notes

Levels and vault maps discovered:
D:1:      ldierk_walled_garden_2, layout_rooms
D:2:      layout_basic
D:3:      layout_basic, overflow_temple_1_default, fedhas_altar_fruit_tree
D:4:      layout_basic, nicolae_elemental_shop, amethyst_killhole, uniq_duvessa,
          uniq_robin, uniq_eustachio, uniq_sigmund, uniq_edmund, uniq_natasha,
          uniq_grinder, uniq_menkaure
D:5:      layout_basic, minmay_temple_entry_glass
D:6:      layout_cave_pods, serial_column_ruins, column_ruins_hut_ruined,
          column_ruins_grid_3, column_ruins_corridor_straight,
          column_ruins_grid_3, column_ruins_open_large, uniq_crazy_yiuf_cottage
D:7:      layout_rooms, lemuel_coloured_pillars_altar,
          chequers_temple_overflow_statue_of_worship, kennysheep_windowed_goal
D:8:      layout_loops_ring, dpeg_lair_monsters, kennysheep_minor_cross,
          chequers_serial_rivers_room_b
D:9:      layout_rooms, orc_david_3, serial_shops, shop, uniq_prince_ribbit1,
          uniq_erica
D:10:     layout_irregular_city, serial_shops, shop
D:11:     layout_basic, hangedman_fish_farm, uniq_nergalle, uniq_grum
D:12:     layout_irregular_city, gammafunk_ghost_nasty_kobolds,
          gauntlet_entry_generic
D:13:     layout_basic, minivault_29
D:14:     minmay_ice_pillars, layout_basic, grunt_vaults_entry_tiered,
          basic_altar, nicolae_transmutations_shop
Temple:   compressed_dpeg_circular_temple
Lair:1:   minmay_lair_oklob_tunnel, layout_long_grid, dpeg_stationary_puzzle,
          uniq_sonja
Lair:2:   layout_layer_cave, spider_nest_entry_web_field,
          kb_xom_exploding_sheep, lemuel_fruit_fields, serial_bayou_shore_b
Lair:3:   layout_regular_city, palyth_hydra_swamp_entry, portal_ice_cave_rime,
          eino_small_chamber_without_monster, cheibrodos_lair_reptile_den,
          infiniplex_staircase_pool

Skill      XL: |  1  2  3  4  5  6  7  8  9 10 11 12 13 14 |
---------------+-------------------------------------------+-----
Earth Magic    | 4 5 6 7 8 9 10 11 12 13 | 13.5
Spellcasting   | 3 4 5 6 7 8 |  8.5
Fighting       | 1 2 4 5 6 8 9 |  9.9
Conjurations   | 1 2 3 5 6 8 9 10 11 12 | 12.1
Invocations    | 3 5 7 8 9 |  9.2
Transmutations | 2 4 5 7 8 |  8.5
Translocations | 2 |  2.8
Stealth        | 3 |  3.3
Dodging        | 2 |  2.6
Hexes          | 2 3 |  3.8
Air Magic      | 2 |  2.6

Action                   |  1- 3 |  4- 6 |  7- 9 | 10-12 | 13-15 || total
-------------------------+-------+-------+-------+-------+-------++-------
Melee: Unarmed           |    39 |       |       |       |       ||    39
       Dagger            |       |    33 |    12 |     2 |    44 ||    91
       Short sword       |       |       |       |    12 |       ||    12
 Cast: Sandblast         |    42 |    45 |    87 |    89 |    92 ||   355
       Stone Arrow       |       |     2 |   117 |   254 |   332 ||   705
       Blink             |       |       |     1 |    18 |     5 ||    24
       Petrify           |       |       |     1 |     9 |    14 ||    24
       Lee's Rapid Decon |       |       |       |    36 |    56 ||    92
Invok: Channel Magic     |       |       |       |     4 |     3 ||     7
  Use: Scroll            |       |    10 |     8 |     6 |     7 ||    31
       Potion            |       |       |       |     7 |     2 ||     9
 Stab: Sleeping          |     1 |       |       |       |     1 ||     2
Armor: Robe              |    10 |    22 |    27 |   101 |   185 ||   345
       Skin              |       |       |       |     5 |     2 ||     7
Dodge: Dodged            |    33 |    41 |    46 |   137 |   231 ||   488

Table legend: (Time is in decaauts)
 A = Elapsed time spent in this place.
 B = Non-inter-level travel time spent in this place.
 C = Inter-level travel time spent in this place.
 D = Time resting spent in this place.
 E = Time spent auto-exploring this place.
 F = Levels seen in this place.
 G = Mean time per level.
                   A        B        C        D        E       F      G
               +--------+--------+--------+--------+--------+-----+--------+
         Total |  26395 |  25529 |    866 |   8887 |  12825 |  19 | 1389.2 |
       Dungeon |  17945 |  17221 |    724 |   5616 |   8814 |  14 | 1281.8 |
        Temple |    120 |    108 |     12 |      0 |     89 |   1 |  120.0 |
          Lair |   6479 |   6349 |    130 |   2406 |   3258 |   3 | 2159.7 |
      Ice Cave |   1849 |   1849 |      0 |    865 |    663 |   1 | 1849.0 |
               +--------+--------+--------+--------+--------+-----+--------+

Top non-repeatable levels by time:
    D:13: 3084 daAuts
  Lair:1: 2781 daAuts
  Lair:2: 2022 daAuts
    D:12: 1966 daAuts
   IceCv: 1849 daAuts
     D:8: 1746 daAuts
  Lair:3: 1676 daAuts
     D:6: 1376 daAuts
     D:9: 1358 daAuts
     D:5: 1315 daAuts
    D:11: 1169 daAuts
     D:3: 1060 daAuts
    D:10: 989 daAuts
     D:7: 975 daAuts
     D:2: 814 daAuts
